Map: 블루시프트 - 래더

Players

FanTaSy

  • Race: Terran Terran
  • League: Grandmaster
  • Spawn Location: 7:00

soO - Winner!

  • Race: Zerg Zerg
  • Spawn Location: 1:00

Event: IEM Season 13 - Katowice Server Qualifiers Asia 2

VOD

Have the link to the VOD?

Description

Time

  • Played on: Jan. 22, 2019, 5:45 a.m.
  • Length: 15:48

All games in this series

Show
View Real Time Build Order
Export as new Build Order

FanTaSy Terran 

Build Orders: Mech 

Get SALT Encoding   

  12  0:00  SCV  
  13  0:12  SCV  
  14  0:17  Supply Depot  
  14  0:24  SCV  
  15  0:39  Barracks  
  15  0:50  Barracks  
  15  0:53  SCV  
  16  1:05  SCV  
  16  1:07  Refinery  
  17  1:17  SCV  
  18  1:26  Marine  
  18  1:30  Orbital Command  
  19  1:34  Supply Depot  
  19  1:37  Marine  
  20  1:44  Marine  
  21  1:56  Bunker  
  21  1:58  Bunker  
  21  1:59  Marine  
  22  2:03  Marine  
  23  2:14  Factory  
  23  2:17  SCV  
  23  2:20  Marine  
  23  2:22  Marine  
  26  2:35  SCV  
  26  2:41  Marine x2  
  28  2:47  SCV  
  27  2:58  Factory Tech Lab, Bunker  
  27  2:59  SCV, Starport  
  27  3:02  Refinery  
  27  3:03  Marine  
  30  3:16  SCV  
  25  3:28  SCV  
  24  3:36  Hellion  
  24  3:39  Command Center  
  25  3:42  Banshee  
  28  3:58  Hellion  
  28  4:00  SCV  
  31  4:07  Supply Depot  
  31  4:21  Factory Reactor  
  31  4:28  Viking, SCV  
  34  4:40  SCV  
  35  4:52  SCV, Orbital Command  
  36  4:58  Barracks Reactor  
  36  5:07  Command Center  
  36  5:11  Orbital Command  
  36  5:14  Hellion  
  36  5:18  Hellion  
  36  5:19  SCV  
  41  5:31  SCV  
  42  5:38  Factory  
  42  5:39  Hellion x2  
  42  5:40  Factory  
  46  5:43  SCV x2  
  48  5:53  Armory  
  48  5:56  Engineering Bay  
  48  5:57  SCV  
  48  5:59  SCV  
  48  6:00  Starport Reactor  
  48  6:02  Barracks Tech Lab  
  50  6:09  SCV  
  50  6:11  SCV  
  52  6:12  Hellion  
  54  6:19  Hellion  
  54  6:20  Orbital Command  
  54  6:21  SCV  
  54  6:23  SCV  
  58  6:34  SCV  
  58  6:35  SCV  
  58  6:39  Refinery x2  
  60  6:44  Thor  
  66  7:04  SCV x2  
  66  7:06  Supply Depot x2  
  68  7:09  SCV  
  69  7:22  Terran Vehicle Weapons Level 1  
  69  7:27  Thor  
  69  7:28  Hellion x2  
  79  7:31  Siege Tank, Orbital Command  
  79  7:33  Medivac  
  79  7:34  SCV  
  85  7:38  Supply Depot  
  85  7:40  Supply Depot  
  85  8:00  SCV x3, Hellion x2  
  85  8:02  Medivac  
  85  8:03  Siege Tank  
  97  8:10  Siege Tank, Supply Depot  
  97  8:11  Supply Depot  
  97  8:12  SCV  
  101  8:21  Refinery  
  101  8:24  Refinery  
  101  8:25  Factory  
  101  8:27  Armory  
  101  8:29  Factory  
  101  8:32  SCV x3  
  108  8:34  Hellion x2  
  108  8:36  Missile Turret  
  108  8:37  Siege Tank  
  111  8:45  SCV x2  
  111  8:46  SCV  
  114  8:51  Siege Tank  
  117  8:57  Supply Depot  
  117  8:58  Supply Depot  
  117  9:00  Viking  
  117  9:02  Hellion  
  121  9:03  Supply Depot  
  121  9:05  SCV x3, Supply Depot  
  124  9:19  Viking  
  126  9:25  Factory Tech Lab, Siege Tank x2  
  126  9:26  Factory Reactor  
  132  9:31  SCV x3  
  127  9:42  Viking  
  121  9:49  Viking, Infernal Pre-Igniter  
  121  9:50  Terran Vehicle Weapons Level 2  
  123  9:53  Terran Vehicle And Ship Armor Level 1  
  123  10:01  SCV x3  
  123  10:05  Supply Depot x2  
  126  10:14  Siege Tank x2  
  132  10:15  Hellion x4  
  140  10:24  Viking x2  
  132  10:44  Siege Tank, Supply Depot  
  132  10:45  Hellion  
  132  10:46  Siege Tank x2, Hellion x3  
  147  10:53  Viking  
  147  10:54  Viking  
  151  11:07  Command Center  
  151  11:17  Hellion x4  
  159  11:23  Siege Tank x2  
  159  11:24  Siege Tank  
  168  11:38  Hellion x3  
  168  11:39  Hellion  
  176  11:48  Supply Depot x2  
  176  11:49  Supply Depot  
  176  12:09  Siege Tank  
  176  12:10  Siege Tank x2  
  176  12:12  Hellion x4  
  188  12:23  Terran Vehicle And Ship Armor Level 2, Sensor Tower  
  188  12:24  Terran Vehicle Weapons Level 3  
  188  12:36  Hellion x4  
  196  12:37  Viking  
  196  12:40  Refinery  
  186  12:46  Refinery  
  186  12:50  Viking  
  172  12:54  Starport  
  172  12:55  Starport  
  169  13:07  Viking  
  169  13:20  Viking  
  169  13:21  Command Center  
  163  13:39  Viking  
  157  13:41  Viking x2  
  157  14:16  Viking  
  139  14:18  Viking x3  
  139  14:22  Orbital Command  
  125  14:30  Cyclone x2  
  125  14:31  Cyclone  
  105  14:46  Viking  
  107  15:01  Viking  
  107  15:02  Cyclone  
  107  15:03  Cyclone x2  
  118  15:07  Viking x2  
Show
View Real Time Build Order
Export as new Build Order

soO Zerg - Winner!

Build Orders: Hatch First, Brood Lord Corruptor 

Get SALT Encoding   

  12  0:00  Drone  
  13  0:12  Overlord  
  13  0:16  Drone  
  14  0:30  Drone x2  
  14  0:34  Drone  
  17  0:50  Hatchery  
  17  0:53  Drone  
  17  0:57  Drone  
  18  1:07  Extractor  
  17  1:11  Spawning Pool  
  17  1:14  Drone  
  17  1:18  Drone  
  18  1:28  Drone  
  19  1:45  Extractor, Drone  
  19  1:58  Queen  
  19  1:59  Zergling x2  
  22  2:01  Queen  
  22  2:06  Zergling x2  
  22  2:07  Metabolic Boost  
  25  2:11  Zergling x2  
  25  2:12  Zergling x2  
  25  2:13  Zergling x2  
  28  2:21  Overlord  
  28  2:34  Zergling x2  
  27  2:38  Queen  
  27  2:40  Zergling x4  
  30  2:51  Zergling x2  
  30  2:52  Zergling x2  
  30  2:57  Zergling x4  
  33  3:05  Zergling x4  
  33  3:16  Drone  
  33  3:18  Drone x2  
  33  3:19  Drone  
  29  3:24  Drone  
  29  3:28  Drone  
  29  3:33  Drone  
  31  3:40  Drone x2  
  33  3:49  Overlord  
  33  3:52  Drone  
  34  3:57  Drone  
  35  4:08  Queen  
  35  4:09  Drone x3  
  40  4:11  Drone  
  40  4:14  Drone  
  42  4:18  Drone  
  42  4:22  Overlord  
  43  4:32  Overlord  
  43  4:33  Lair  
  43  4:38  Overlord  
  43  4:41  Drone x3  
  46  4:45  Drone  
  46  4:46  Drone  
  46  4:51  Overlord  
  46  4:52  Drone  
  49  4:55  Drone  
  49  4:58  Drone  
  51  5:00  Extractor  
  51  5:04  Drone x3  
  53  5:08  Overlord  
  53  5:11  Drone  
  54  5:19  Drone  
  54  5:20  Drone  
  57  5:21  Drone x2  
  57  5:22  Drone  
  59  5:29  Drone  
  59  5:33  Spire  
  59  5:36  Drone  
  59  5:41  Roach Warren  
  59  5:42  Queen, Drone x3  
  64  5:50  Extractor  
  64  5:53  Hatchery  
  64  5:56  Drone  
  63  6:03  Overlord  
  63  6:10  Overlord  
  63  6:11  Drone x2  
  65  6:18  Overseer  
  65  6:23  Drone  
  66  6:28  Drone x3  
  66  6:29  Glial Reconstitution  
  66  6:31  Drone  
  66  6:32  Evolution Chamber  
  69  6:33  Drone x3  
  69  6:34  Evolution Chamber  
  69  6:35  Drone  
  72  6:45  Infestation Pit  
  72  6:46  Drone x4  
  75  6:50  Drone x2  
  77  6:54  Drone  
  77  7:02  Zerg Missile Weapons Level 1  
  77  7:03  Zerg Ground Armor Level 1  
  77  7:04  Roach  
  77  7:05  Roach  
  81  7:09  Drone  
  81  7:12  Drone x2  
  81  7:15  Extractor  
  83  7:16  Roach x3, Extractor  
  87  7:25  Drone  
  87  7:26  Drone, Hive  
  87  7:29  Drone  
  90  7:31  Hydralisk Den  
  90  7:33  Overlord  
  89  7:37  Overlord  
  89  7:42  Overlord  
  88  7:52  Drone x2  
  88  7:53  Drone  
  88  7:55  Drone  
  88  7:57  Roach x4  
  100  8:03  Grooved Spines  
  100  8:04  Hydralisk  
  100  8:05  Roach x2, Hydralisk x3  
  108  8:09  Hatchery  
  111  8:19  Hydralisk  
  113  8:21  Overlord x2  
  113  8:22  Drone  
  113  8:24  Overlord  
  114  8:27  Overlord  
  114  8:39  Viper x2  
  114  8:40  Viper x2  
  126  8:43  Drone  
  126  8:44  Drone x4  
  131  8:52  Drone  
  131  8:53  Drone x2  
  134  9:01  Hydralisk x3  
  134  9:02  Hydralisk  
  144  9:03  Roach x2, Zerg Missile Weapons Level 2  
  146  9:10  Extractor  
  146  9:15  Muscular Augments, Extractor  
  144  9:17  Greater Spire  
  146  9:24  Roach x4  
  150  9:43  Zerg Ground Armor Level 2  
  150  9:47  Hatchery  
  150  9:48  Overlord  
  150  9:49  Overlord  
  150  9:51  Overlord  
  149  9:57  Overlord  
  149  10:00  Overlord  
  149  10:14  Corruptor  
  149  10:15  Corruptor x6  
  149  10:16  Overlord  
  149  10:20  Overlord  
  163  10:21  Drone x2  
  160  10:48  Hatchery  
  159  10:50  Overlord  
  159  10:54  Drone x3  
  159  10:55  Drone x4  
  166  10:58  Brood Lord x5  
  175  11:11  Brood Lord  
  175  11:14  Zerg Flyer Weapons Level 1  
  175  11:15  Drone x2  
  175  11:16  Drone  
  175  11:17  Spine Crawler x2, Drone x2  
  175  11:18  Brood Lord  
  182  11:29  Drone  
  183  11:42  Corruptor x5  
  193  11:48  Extractor  
  193  11:50  Extractor  
  193  11:52  Corruptor  
  193  11:53  Corruptor  
  195  11:59  Spine Crawler  
  195  12:00  Spine Crawler, Corruptor x2  
  197  12:18  Corruptor  
  197  12:19  Drone  
  200  12:32  Spine Crawler  
  200  12:33  Spine Crawler x2, Corruptor x2  
  189  12:48  Hydralisk x6  
  189  12:49  Hydralisk x3  
  199  12:57  Drone  
  200  13:14  Spine Crawler  
  200  13:15  Spine Crawler x2  
  200  13:16  Spine Crawler  
  194  13:33  Spine Crawler x2  
  194  13:34  Spine Crawler x2  
  188  13:36  Mutalisk x6  
  186  13:55  Mutalisk x3  
  186  13:56  Mutalisk x2  
  165  14:26  Corruptor x5  
  175  14:36  Hatchery  
  174  14:39  Corruptor  
  174  14:40  Corruptor  
  178  14:51  Corruptor x3  
  184  14:57  Hatchery  
  184  14:59  Hatchery  
  180  15:10  Hydralisk x4  
  188  15:17  Overlord  
  182  15:36  Unknown  
  182  15:37  Unknown  
  182  15:40  Unknown  

Tags
 
Add a new tag
Caveats
  • Supply blocks, unpowered buildings, or Contaminate may cause inaccurate times.
  • Supply counts are checked every 10 seconds.